 Dungeon Sprint DCSS version 0.26-a0-665-gefeb406119 (webtiles) character file.

Game seed: 14223804158026954402

1185 mhtbhm the Martial Artist (level 8, -1/48 HPs)
             Began as an Octopode Transmuter on Oct 15, 2020.
             Was a Believer of Makhleb.
             Slain by a white ugly thing (31 damage)
             ... in the Dungeon (Sprint IX: "|||||||||||||||||||||||||||||").
             The game lasted 00:01:09 (684 turns).

mhtbhm the Martial Artist (Octopode Transmuter)      Turns: 684, Time: 00:01:09

Health: -1/48      AC:  1    Str: 11    XL:     8   Next: 42%
Magic:  12/19      EV: 17    Int: 18    God:    Makhleb [**....]
Gold:   0          SH:  0    Dex: 16    Spells: 6/21 levels left

rFire    . . .     SeeInvis .     - Unarmed
rCold    . . .     Faith    .   (shield currently unavailable)
rNeg     . . .     Spirit   .   (helmet restricted)
rPois    .         Reflect  .   (no amulet)
rElec    .         Harm     .   j - +3 ring of dexterity
rCorr    .         Rampage  .   k - +3 ring of intelligence
MR       .....     NoTele   +   (no ring)
Stlth    +++++.....             (no ring)
HPRegen  0.16/turn              (no ring)
MPRegen  0.16/turn              (no ring)
                                (no ring)
                                (no ring)

@: blade tentacles, wereblooded
A: almost no armour, stealthy swim, amphibious, 8 rings, constrict 8, camouflage
1, gelatinous body 1
a: End Transformation, Minor Destruction, Renounce Religion


You were in the Dungeon.
You worshipped Makhleb.
Makhleb was pleased with you.
You had blades for tentacles.
You visited 1 branch

Inventory:

Jewellery
 j - a +3 ring of dexterity (left scythe-like blade)
 k - a +3 ring of intelligence (right scythe-like blade)
Wands
 i - a wand of iceblast (10)
Scrolls
 f - 3 scrolls of remove curse
 g - 2 scrolls of blinking
 h - 2 scrolls of amnesia
Potions
 a - a potion of invisibility
 b - 5 potions of curing
 c - 2 potions of heal wounds
 d - a potion of haste
 e - 4 potions of magic


   Skills:
 + Level 1.0 Fighting
 + Level 5.7 Dodging
 + Level 7.8 Stealth
 + Level 12.4 Unarmed Combat
 + Level 7.3 Spellcasting
 + Level 7.9 Transmutations


You had 6 spell levels left.
You knew the following spells:

 Your Spells              Type           Power        Failure   Level
a - Beastly Appendage     Tmut           #####.       11%         1
b - Wereblood             Tmut           #####...     13%         2
c - Blade Hands           Tmut           #####.....   47%         5
d - Spider Form           Tmut/Pois      ###.......   36%         3
e - Ice Form              Ice/Tmut       ###.....     63%         4

Your spell library contained the following spells:

 Spells                   Type           Power        Failure   Level


Dungeon Overview and Level Annotations

Branches:
Dungeon (1/1)

Altars:
Cheibriados
Dithmenos
Elyvilon
Fedhas
Gozag
Hepliaklqana
Kikubaaqudgha
Makhleb
Nemelex Xobeh
Okawaru
Qazlal
Ru
Sif Muna
Trog
Uskayaw
Vehumet
Wu Jian
Xom
Yredelemnul
Zin
The Shining One
Beogh
Jiyva
Lugonu


Innate Abilities, Weirdness & Mutations

You cannot wear most types of armour.
You are very stealthy in the water. (Stealth+)
You are amphibious.
You can wear up to eight rings at the same time.
You can use your tentacles to constrict eight enemies at once.
Your skin changes colour to match your surroundings (Stealth+).
Your rubbery body absorbs attacks. (AC +1, EV +1)


Message History

Things that are here:
a +0 shortbow; 16 arrows; a centaur corpse The black bear bites you.
The black bear misses you. x2
You slice the black bear!! You grab the black bear.
The black bear is severely wounded.
You constrict the black bear. You slash the black bear!
You kill the black bear!
Makhleb accepts your kill.
You barely miss the white ugly thing. You grab the white ugly thing.
You squeeze the white ugly thing!
The white ugly thing is lightly wounded.
You constrict the white ugly thing, but do no damage.
The white ugly thing gores you. The white ugly thing freezes you!!
Ouch! That really hurt!
* * * LOW HITPOINT WARNING * * *
You feel much better.
You constrict the white ugly thing. The white ugly thing gores you.
The white ugly thing freezes you!!
Ouch! That really hurt!
You die...

▓'▓
▓)▓
▓.▓
▓.▓
▓.▓
▓.▓
▓.▓
▓)▓
▓@▓
▓u▓
▓Z▓
▓o▓
▓z▓
▓.▓
▓+▓


You could see a white ugly thing, a wight, an orc and a leopard gecko zombie.

Vanquished Creatures
  A two-headed ogre (D)
  A black bear (D)
  2 sky beasts (D)
  An ogre (D)
  2 centaurs (D)
  3 adders (D)
  An adder skeleton (D)
  A leopard gecko (D)
  An orc (D)
  A bat (D)
  3 frilled lizards (D)
  A kobold (D)
18 creatures vanquished.

Notes
Turn   | Place    | Note
-------+----------+-------------------------------------------
     0 | D        | mhtbhm the Octopode Transmuter began the quest for the Orb.
     0 | D        | Reached XP level 1. HP: 13/13 MP: 3/3
    79 | D        | Noticed an ogre
    79 | D        | Noticed a centaur
    86 | D        | Killed an ogre
    86 | D        | Reached skill level 6 in Unarmed Combat
    86 | D        | Reached XP level 2. HP: 9/18 MP: 2/7
    86 | D        | Reached XP level 3. HP: 11/23 MP: 2/8
    86 | D        | Reached XP level 4. HP: 14/28 MP: 2/10
    89 | D        | Reached skill level 7 in Unarmed Combat
    92 | D        | Killed a centaur
    92 | D        | Reached skill level 8 in Unarmed Combat
    92 | D        | Reached XP level 5. HP: 13/33 MP: 3/12
   144 | D        | Found a roughly hewn altar of Beogh.
   144 | D        | Found a snail-covered altar of Cheibriados.
   144 | D        | Found a shadowy altar of Dithmenos.
   144 | D        | Found a white marble altar of Elyvilon.
   144 | D        | Found a blossoming altar of Fedhas.
   144 | D        | Found an opulent altar of Gozag.
   145 | D        | Found a hazy altar of Hepliaklqana.
   146 | D        | Found a viscous altar of Jiyva.
   147 | D        | Found an ancient bone altar of Kikubaaqudgha.
   148 | D        | Found a corrupted altar of Lugonu.
   149 | D        | Found a burning altar of Makhleb.
   150 | D        | Found a sparkling altar of Nemelex Xobeh.
   151 | D        | Found an iron altar of Okawaru.
   152 | D        | Found a stormy altar of Qazlal.
   153 | D        | Found a sacrificial altar of Ru.
   154 | D        | Found a shimmering blue altar of Sif Muna.
   155 | D        | Found a bloodstained altar of Trog.
   156 | D        | Found a hide-covered altar of Uskayaw.
   157 | D        | Found a radiant altar of Vehumet.
   158 | D        | Found an ornate altar of the Wu Jian Council.
   159 | D        | Found a shimmering altar of Xom.
   160 | D        | Found a basalt altar of Yredelemnul.
   161 | D        | Found a glowing silver altar of Zin.
   167 | D        | Became a worshipper of Makhleb the Destroyer
   342 | D        | Found a glowing golden altar of the Shining One.
   371 | D        | Learned a level 2 spell: Wereblood
   377 | D        | Learned a level 5 spell: Blade Hands
   381 | D        | Learned a level 3 spell: Spider Form
   383 | D        | Noticed a two-headed ogre
   383 | D        | Noticed a sky beast
   383 | D        | Noticed a sky beast
   388 | D        | Killed a two-headed ogre
   388 | D        | Reached skill level 5 in Dodging
   388 | D        | Reached skill level 11 in Unarmed Combat
   388 | D        | Reached XP level 6. HP: 38/38 MP: 5/15
   388 | D        | Reached XP level 7. HP: 43/43 MP: 5/17
   390 | D        | Reached XP level 8. HP: 48/48 MP: 6/18
   392 | D        | Reached * piety under Makhleb
   396 | D        | Reached skill level 12 in Unarmed Combat
   675 | D        | Learned a level 4 spell: Ice Form
   677 | D        | Noticed a white ugly thing
   678 | D        | Reached ** piety under Makhleb
   684 | D        | Slain by a white ugly thing

Illustrated notes

Levels and vault maps discovered:
D:        linesprint [early_d, line_temple, items_1, d_10, items_2, lair_1,
          lair_end, items_3, orc_1, orc_end, items_4, d_15, swamp_1, shoals_1,
          snake_1, spider_1, d_20, vaults_1, items_5, swamp_end, shoals_end,
          snake_end, spider_end, vaults_end, d_27, items_6, zot_1, zot_end,
          crypt_end, forest_end, elf_end, slime_end, tomb_end, abyss_end,
          pan_hell_end]

Skill      XL: |  1  2  3  4  5  6  7  8 |
---------------+-------------------------+-----
Dodging        | 3 5 |  5.7
Stealth        | 2 3 7 |  7.8
Unarmed Combat | 6 8 11 12 | 12.4
Spellcasting   | 4 6 7 |  7.3
Transmutations | 3 4 7 |  7.9
Fighting       | |  1.0

Action                   |  1- 3 |  4- 6 |  7- 9 || total
-------------------------+-------+-------+-------++-------
Melee: Unarmed           |    11 |    11 |    13 ||    35
       Kick              |     4 |     2 |       ||     6
       Constrict         |     1 |     1 |     3 ||     5
       Tentacles         |     1 |     1 |     1 ||     3
       Punch             |       |     1 |     2 ||     3
 Cast: Beastly Appendage |     2 |       |       ||     2
       Blade Hands       |       |     1 |     1 ||     2
       Wereblood         |       |     1 |     1 ||     2
  Use: Potion            |     1 |       |     1 ||     2
 Stab: Sleeping          |     1 |     1 |       ||     2
Armor: Skin              |     1 |     1 |       ||     2
Dodge: Dodged            |     2 |     7 |     6 ||    15

Table legend: (Time is in decaauts)
 A = Elapsed time spent in this place.
 B = Non-inter-level travel time spent in this place.
 C = Inter-level travel time spent in this place.
 D = Time resting spent in this place.
 E = Time spent auto-exploring this place.
 F = Levels seen in this place.
 G = Mean time per level.
                   A        B        C        D        E       F      G
               +--------+--------+--------+--------+--------+-----+--------+
         Total |    687 |    687 |      0 |    546 |      0 |   1 |  687.0 |
       Dungeon |    687 |    687 |      0 |    546 |      0 |   1 |  687.0 |
               +--------+--------+--------+--------+--------+-----+--------+

Top non-repeatable levels by time:
       D: 687 daAuts
